[Event "Titled Tuesday Blitz December 06 Early 2022"]
[White "Hansen, Eric"]
[Black "Sadubayev, Airat"]
[WhiteFideId "2606771"]
[BlackFideId "13713264"]
[WhiteElo "2568"]
[BlackElo "2160"]
[Result "0-1"]
[Round "02"]
[TimeControl "180+1"]
[Date "2022.12.06"]
[WhiteClock "0:00:59"]
[BlackClock "0:01:04"]

1. b3 d5 2. Bb2 Nf6 3. e3 c6 4. Nf3 Bf5 5. c4 e6 6. Be2 h6 7. O-O Bd6 8. d3 O-O 9. Re1 Nbd7 10. Bf1 Bh7 11. h3 Re8 12. Nc3 a6 13. d4 b5 14. Rc1 Rb8 15. cxb5 cxb5 16. a4 Bb4 17. axb5 axb5 18. Nxb5 Bxe1 19. Qxe1 Qb6 20. Bc3 Rec8 21. Ra1 Qc6 22. Ba5 Rxb5 23. b4 Rbb8 24. Nd2 Nb6 25. b5 Qd7 26. Nf3 Nc4 27. b6 Nxb6 28. Ne5 Qe8 29. Ba6 Rc2 30. Qd1 Nc4 31. Be1 Nxe5 32. dxe5 Nd7 33. Qd4 Nc5 34. Qg4 Nxa6 35. Rxa6 Rc1 0-1


[Site "https://www.chess.com"]

[Event "Titled Tuesday Blitz December 06 Early 2022"]
[White "Harikrishna, Pentala"]
[Black "Hristodoulou, Panagiotis"]
[WhiteFideId "5007003"]
[BlackFideId "4214340"]
[WhiteElo "2617"]
[BlackElo "2272"]
[Result "1-0"]
[Round "02"]
[TimeControl "180+1"]
[Date "2022.12.06"]
[WhiteClock "0:01:06"]
[BlackClock "0:00:03"]

1. Nf3 Nf6 2. g3 d5 3. Bg2 c6 4. O-O Bg4 5. h3 Bh5 6. d4 Nbd7 7. c4 e6 8. cxd5 exd5 9. Qb3 Qb6 10. Qe3+ Be7 11. Nh4 Bg6 12. Nxg6 hxg6 13. Nc3 Qd8 14. Qd3 O-O 15. h4 Nb6 16. Bf3 Qd7 17. Kg2 Qf5 18. Qxf5 gxf5 19. Bg5 Rfe8 20. Bxf6 Bxf6 21. e3 Nc4 22. b3 Nd6 23. Rac1 f4 24. gxf4 Bxh4 25. Rh1 Bf6 26. Bg4 g6 27. Na4 Ne4 28. Bf3 Nd6 29. Nc5 Kg7 30. b4 a6 31. a4 Re7 32. Rh3 Rh8 33. Rxh8 Kxh8 34. Nxa6 Nf5 35. Nc5 Kg7 36. Bg4 Nh4+ 37. Kg3 Re8 38. Nxb7 Rb8 1-0


[Site "https://www.chess.com"]

[Event "Titled Tuesday Blitz December 06 Early 2022"]
[White "Harshavardhan G B"]
[Black "tufferguy"]
[WhiteFideId "25059009"]
[WhiteElo "2323"]
[BlackElo "2461"]
[Result "0-1"]
[Round "02"]
[TimeControl "180+1"]
[Date "2022.12.07"]
[WhiteClock "0:01:12"]
[BlackClock "0:00:52"]

1. d4 d5 2. c4 dxc4 3. e4 e5 4. Nf3 Bb4+ 5. Bd2 Bxd2+ 6. Nbxd2 exd4 7. Bxc4 Nc6 8. Nb3 Bg4 9. h3 Bxf3 10. Qxf3 Ne5 11. Qh5 Qe7 12. Rc1 Nf6 13. Qg5 Nxc4 14. Rxc4 Qxe4+ 15. Kd2 O-O 16. Re1 Rfe8 17. Rcc1 d3 18. a3 Qa4 19. Na1 Ne4+ 0-1


[Site "https://www.chess.com"]

[Event "Titled Tuesday Blitz December 06 Early 2022"]
[White "Herman, Daniel"]
[Black "Quizon, Daniel"]
[WhiteFideId "30935008"]
[BlackFideId "5217911"]
[WhiteElo "1897"]
[BlackElo "2385"]
[Result "1-0"]
[Round "02"]
[TimeControl "180+1"]
[Date "2022.12.07"]
[WhiteClock "0:00:20"]
[BlackClock "0:01:11"]

1. Nc3 Nf6 2. e4 d6 3. d4 g6 4. Be3 Bg7 5. f3 O-O 6. Qd2 c5 7. dxc5 Nc6 8. cxd6 Be6 9. Nge2 exd6 10. O-O-O Qa5 11. Nd4 Nxd4 12. Bxd4 Rac8 13. a3 Qc7 14. g4 a6 15. h4 b5 16. h5 Qb7 17. h6 Bh8 18. g5 Nd7 19. Bxh8 Kxh8 20. Qd4+ f6 21. Qxd6 Rc6 22. Qd4 Qc7 23. Kb1 Ne5 24. f4 Nf3 25. Qe3 Bg4 26. Be2 fxg5 27. Bxf3 Bxf3 28. Qxf3 gxf4 29. Qd3 Qe5 30. Qd7 Rc7 31. Qd6 Qxd6 32. Rxd6 g5 33. Nd5 Rcf7 34. Rg1 f3 35. Ne3 f2 36. Rxg5 f1=Q+ 37. Nxf1 Rxf1+ 38. Ka2 R1f6 39. Rgd5 Kg8 40. e5 Rf2 41. Rc6 Ra8 42. Rd7 Re2 43. Rg7+ Kh8 44. Rcc7 Rxe5 45. Rxh7+ Kg8 46. Rcg7+ Kf8 47. Rh8# 1-0


[Site "https://www.chess.com"]

[Event "Titled Tuesday Blitz December 06 Early 2022"]
[White "Hoffmann, Asa"]
[Black "Schekachikhin, Maksim"]
[WhiteFideId "2001470"]
[BlackFideId "24177830"]
[WhiteElo "2117"]
[BlackElo "2272"]
[Result "0-1"]
[Round "02"]
[TimeControl "180+1"]
[Date "2022.12.07"]
[WhiteClock "0:00:51"]
[BlackClock "0:00:47"]

1. d4 e6 2. e4 d5 3. e5 c5 4. Nf3 Bd7 5. Bd3 Nc6 6. O-O Nxd4 7. Nxd4 cxd4 8. Qg4 Ne7 9. Qxd4 Nc6 10. Qf4 Qc7 11. Re1 Nb4 12. Nc3 Nxd3 13. cxd3 Be7 14. Nxd5 exd5 15. e6 Qxf4 16. exd7+ Kxd7 17. Bxf4 Bf6 18. Be5 Rhe8 19. Bxf6 gxf6 20. Kf1 Kd6 21. d4 Re6 22. Re3 Rc8 23. Rae1 Rc2 24. R1e2 Rc1+ 25. Re1 Rc4 26. Rd1 Rxe3 27. fxe3 Rc2 28. Rb1 Ke6 29. h3 Kf5 30. Kg1 Ke4 31. Rf1 Kxe3 32. Rxf6 Rc7 33. Rh6 Kxd4 34. Kf2 f5 35. Kf3 Kd3 36. Kf4 Rf7 37. Ke5 d4 38. Rd6 Re7+ 39. Kxf5 Ke3 40. g4 d3 41. g5 d2 42. h4 Ke2 43. h5 d1=Q 44. Rxd1 Kxd1 45. g6 hxg6+ 46. hxg6 Kc2 0-1


[Site "https://www.chess.com"]

[Event "Titled Tuesday Blitz December 06 Early 2022"]
[White "Iskusnyh, Sergei"]
[Black "Ohanyan, Emin"]
[WhiteFideId "4120027"]
[BlackFideId "13312022"]
[WhiteElo "2492"]
[BlackElo "2352"]
[Result "0-1"]
[Round "02"]
[TimeControl "180+1"]
[Date "2022.12.07"]
[WhiteClock "0:00:03"]
[BlackClock "0:00:17"]

1. d4 Nf6 2. c4 e6 3. g3 d5 4. Bg2 dxc4 5. Nf3 c6 6. a4 Bb4+ 7. Bd2 a5 8. O-O O-O 9. Qc2 Bxd2 10. Nbxd2 b5 11. b3 cxb3 12. Nxb3 Nd5 13. Rfd1 Qd6 14. Ne5 b4 15. Nc5 Na6 16. Ne4 Qc7 17. Qxc6 Qxc6 18. Nxc6 Bd7 19. Nxa5 Nac7 20. Nb3 Bxa4 21. Nec5 Bb5 22. e3 Ra3 23. Rab1 Nc3 24. Bf3 Bc4 25. Rdc1 Nxb1 26. Rxb1 Nd5 27. Nd2 Ba2 28. Rb2 Rb8 29. Nd7 Rb5 30. Ne5 Nc3 31. h4 g6 32. h5 Kg7 33. h6+ Kf6 34. Kh2 Bd5 35. e4 Ra2 36. Ndc4 Bxc4 37. Nxc4 Rxb2 38. Nxb2 b3 39. Kg2 Rb4 40. d5 exd5 41. exd5 Na4 42. Nd3 Rb8 43. d6 b2 44. Nf4 b1=Q 45. Nd5+ Ke5 46. Ne3 Kxd6 47. Nc4+ Ke7 48. Ne3 Kf8 49. Bd5 Qc1 50. Ng4 Rb1 51. Kh2 Nc3 52. Bf3 Qg1+ 53. Kh3 Nd1 0-1


[Site "https://www.chess.com"]

[Event "Titled Tuesday Blitz December 06 Early 2022"]
[White "Ismayil, Malak"]
[Black "Martin, Lewis"]
[WhiteFideId "13412604"]
[BlackFideId "410551"]
[WhiteElo "1880"]
[BlackElo "2145"]
[Result "1-0"]
[Round "02"]
[TimeControl "180+1"]
[Date "2022.12.07"]
[WhiteClock "0:02:21"]
[BlackClock "0:00:54"]

1. e4 c5 2. Nf3 d6 3. Bb5+ Bd7 4. Bxd7+ Qxd7 5. O-O Nf6 6. Qe2 Nc6 7. Rd1 e5 8. c3 Be7 9. d4 cxd4 10. cxd4 exd4 11. Nxd4 O-O 12. Nc3 Rfe8 13. Nf5 Bf8 14. Qf3 Ne5 15. Qg3 Rac8 16. Bg5 Rxc3 17. bxc3 Nxe4 18. Qf4 Ng6 19. Qg4 h5 20. Nh6+ gxh6 21. Qxd7 hxg5 22. Qxe8 1-0


[Site "https://www.chess.com"]

[Event "Titled Tuesday Blitz December 06 Early 2022"]
[White "Jimenez Almeida, Luis David"]
[Black "Tarnowska, Aleksandra"]
[WhiteFideId "22242244"]
[BlackFideId "1180967"]
[WhiteElo "2158"]
[BlackElo "1776"]
[Result "1-0"]
[Round "02"]
[TimeControl "180+1"]
[Date "2022.12.07"]
[WhiteClock "0:01:43"]
[BlackClock "0:00:20"]

1. e4 c5 2. Nc3 e6 3. Nge2 a6 4. d4 cxd4 5. Nxd4 Qc7 6. Bd3 Nc6 7. Nb3 Nf6 8. O-O Be7 9. f4 d6 10. Be3 O-O 11. Qe2 b5 12. Qf2 Bb7 13. h3 Rac8 14. Rae1 Rfd8 15. Bb6 Qd7 16. Bxd8 Rxd8 17. a3 d5 18. e5 Ne8 19. f5 Bf8 20. Qh4 h6 21. fxe6 Qxe6 22. Kh1 Be7 23. Qg3 Bf8 24. Bf5 Qe7 25. e6 f6 26. Qg6 1-0


[Site "https://www.chess.com"]

[Event "Titled Tuesday Blitz December 06 Early 2022"]
[White "Kamsky, Gata"]
[Black "Astafurov, Arseniy"]
[WhiteFideId "2000024"]
[BlackFideId "24175218"]
[WhiteElo "2666"]
[BlackElo "2163"]
[Result "1-0"]
[Round "02"]
[TimeControl "180+1"]
[Date "2022.12.07"]
[WhiteClock "0:00:04"]
[BlackClock "0:00:02"]

1. d4 Nf6 2. Nf3 c5 3. d5 b5 4. c4 e6 5. dxe6 fxe6 6. cxb5 a6 7. b6 Nc6 8. g3 Be7 9. Bg2 Qxb6 10. O-O O-O 11. Nc3 d5 12. e4 dxe4 13. Ng5 Rd8 14. Qb3 Qxb3 15. axb3 Rb8 16. Ngxe4 Nxe4 17. Nxe4 Nd4 18. Ra2 Rxb3 19. h4 Bb7 20. Bg5 Bxg5 21. Nxg5 Bxg2 22. Kxg2 h6 23. Ne4 Rc8 24. Rc1 c4 25. Nd2 Rb4 26. Rxa6 Rcb8 27. Rxc4 Rxc4 28. Nxc4 Rb4 29. Ra8+ Kh7 30. Rc8 Nb3 31. h5 Rb5 32. g4 Rg5 33. Kh3 Rd5 34. Rc7 Nd4 35. f4 Ne2 36. Kg2 Nxf4+ 37. Kf3 Nd3 38. Ke4 Nc5+ 39. Ke3 Rd3+ 40. Ke2 Rd5 41. b4 Ne4 42. Ne3 Rb5 43. Rc4 Nd6 44. Rd4 Nf7 45. Nc2 Ne5 46. Ke3 Nc6 47. Rc4 Ne5 48. Re4 Nc6 49. Kd3 Rg5 50. Ne3 Rb5 51. Kc3 Kg8 52. Rxe6 Nxb4 53. Kc4 Rb8 54. Rd6 Na2 55. Nf5 Rc8+ 56. Kd4 Rc7 57. Rb6 Nc1 58. Rb8+ Kf7 59. Nd6+ Ke7 60. Nf5+ Kf7 61. Ke3 Na2 62. Rb6 Nc3 63. Kd4 Ne2+ 64. Ke5 Nc3 65. Nd6+ Kg8 66. Rb8+ 1-0


[Site "https://www.chess.com"]

[Event "Titled Tuesday Blitz December 06 Early 2022"]
[White "Kazakouski, Valery"]
[Black "Petrova, Irina"]
[WhiteFideId "13507443"]
[BlackFideId "14124122"]
[WhiteElo "2516"]
[BlackElo "2023"]
[Result "1-0"]
[Round "02"]
[TimeControl "180+1"]
[Date "2022.12.07"]
[WhiteClock "0:02:32"]
[BlackClock "0:00:42"]

1. Nf3 d6 2. d4 g6 3. g3 Bg7 4. Bg2 Nc6 5. O-O Nf6 6. c4 O-O 7. Nc3 Bf5 8. Be3 Ne4 9. Nxe4 Bxe4 10. d5 Na5 11. b3 c5 12. Bh3 Bxf3 13. exf3 a6 14. Rc1 b5 15. f4 Rb8 16. Rc2 bxc4 17. bxc4 Rb2 18. Rxb2 Bxb2 19. Qc2 Bg7 20. Rb1 Qc7 21. Bd2 Nb7 22. Qb3 Rb8 23. Qb6 Qxb6 24. Rxb6 f5 25. g4 fxg4 26. Bxg4 Kf8 27. Bd7 a5 28. Bc6 1-0


[Site "https://www.chess.com"]

[Event "Titled Tuesday Blitz December 06 Early 2022"]
[White "Kim, Sergey"]
[Black "Jobava, Baadur"]
[WhiteFideId "13700570"]
[BlackFideId "13601520"]
[WhiteElo "2624"]
[BlackElo "2582"]
[Result "0-1"]
[Round "02"]
[TimeControl "180+1"]
[Date "2022.12.06"]
[WhiteClock "0:00:10"]
[BlackClock "0:01:14"]

1. d4 d5 2. c4 dxc4 3. e3 e5 4. Bxc4 exd4 5. exd4 Nf6 6. Nf3 Bd6 7. O-O O-O 8. h3 h6 9. Nc3 Nc6 10. Re1 Re8 11. Be3 Bf5 12. a3 Qd7 13. d5 Ne5 14. Nxe5 Rxe5 15. Qf3 Bg6 16. Bd4 Rf5 17. Qd1 a6 18. Bd3 Rf4 19. Bxg6 fxg6 20. Qd3 Rf8 21. Rad1 Kh7 22. Re6 Be7 23. Be5 Rf5 24. Re1 Bc5 25. Bxf6 Bxf2+ 26. Kh1 R5xf6 27. Re7 Qf5 28. Qxf5 Rxf5 29. g4 Rf3 30. Rf1 Rxh3+ 31. Kg2 Rg3+ 32. Kh2 Rxg4 0-1


[Site "https://www.chess.com"]

[Event "Titled Tuesday Blitz December 06 Early 2022"]
[White "Kleiman, Jake"]
[Black "Buscar, Michael"]
[WhiteFideId "2020041"]
[BlackFideId "2603616"]
[WhiteElo "2554"]
[BlackElo "2010"]
[Result "1/2-1/2"]
[Round "02"]
[TimeControl "180+1"]
[Date "2022.12.07"]
[WhiteClock "0:00:11"]
[BlackClock "0:00:12"]

1. Nf3 d5 2. g3 Nf6 3. Bg2 Bg4 4. O-O e6 5. d3 Be7 6. c4 c6 7. cxd5 exd5 8. Nc3 O-O 9. Qc2 Nbd7 10. e4 dxe4 11. dxe4 Ne8 12. Be3 Nc7 13. Nd4 Ne6 14. Nb3 Ndc5 15. h3 Nxb3 16. Qxb3 Bh5 17. Qxb7 Rb8 18. Qxc6 Rxb2 19. g4 Bg6 20. Nd5 Bg5 21. f4 Rxg2+ 22. Kxg2 Bxe4+ 23. Kh2 Bxd5 24. Qb5 Be7 25. Rad1 Nc7 26. Qa5 Qd6 27. Bxa7 Ra8 28. Rf2 Qc6 29. Qb6 h6 30. Qxc6 Bxc6 31. Rc1 Rxa7 32. Rxc6 Nd5 33. Kg2 Nb4 34. Rc8+ Kh7 35. a3 Rxa3 36. Rc7 Nd5 37. Rd7 Rd3 38. Kh2 Kg6 39. f5+ Kf6 40. Ra2 Nf4 41. Ra6+ Kg5 42. Rxd3 Nxd3 43. Ra7 Kf6 44. Ra6+ Kg5 45. Ra7 Bd6+ 46. Kg2 Ne5 47. Ra6 Bc5 48. Ra4 Nd3 49. Rc4 Nf4+ 50. Kf3 Bd6 51. Re4 f6 52. Rd4 Be5 53. Re4 Nxh3 54. Rb4 h5 55. Rb7 hxg4+ 56. Ke4 g3 57. Rxg7+ Kh4 58. Kf3 Ng5+ 59. Kg2 Kg4 60. Rg6 Kxf5 61. Rg8 Kg4 62. Ra8 Kf4 63. Ra4+ Ne4 64. Rc4 f5 65. Rc2 Ng5 66. Re2 Bd4 67. Rd2 Bf2 68. Ra2 Kg4 69. Ra4+ f4 70. Rb4 Ne6 71. Rc4 Nd4 72. Kf1 f3 73. Rc3 Kf4 74. Rd3 Nf5 75. Rxf3+ Kxf3 1/2-1/2


[Site "https://www.chess.com"]

[Event "Titled Tuesday Blitz December 06 Early 2022"]
[White "Kollars, Dmitrij"]
[Black "Aldokhin, Ivan"]
[WhiteFideId "12909572"]
[BlackFideId "24115720"]
[WhiteElo "2584"]
[BlackElo "2313"]
[Result "1-0"]
[Round "02"]
[TimeControl "180+1"]
[Date "2022.12.06"]
[WhiteClock "0:00:05"]
[BlackClock "0:00:01"]

1. c4 Nf6 2. Nc3 g6 3. g3 Bg7 4. Bg2 d6 5. Nf3 O-O 6. O-O e5 7. d3 Nc6 8. Rb1 a5 9. a3 Re8 10. Bg5 h6 11. Bxf6 Bxf6 12. Nd2 Bg7 13. b4 axb4 14. axb4 e4 15. Nd5 exd3 16. exd3 Ne5 17. Ne4 c6 18. Ne3 f5 19. Nc3 Ra3 20. Rb3 Rxb3 21. Qxb3 Nxd3 22. Rd1 Ne5 23. b5 Be6 24. Qb4 Bf8 25. bxc6 bxc6 26. Qa4 Qb6 27. Ncd5 Qd8 28. Nf4 Bd7 29. Qb3 Qf6 30. c5+ d5 31. Nfxd5 cxd5 32. Nxd5 Qf7 33. Nf6+ Kg7 34. Qxf7+ Kxf7 35. Nxd7 Nxd7 36. Rxd7+ Kf6 37. c6 Re1+ 38. Bf1 Rc1 39. c7 Ke6 40. Rh7 Bd6 41. Rxh6 Kf6 42. Rh8 Bxc7 43. Kg2 Bb6 44. Rf8+ Ke7 45. Rb8 Rb1 46. Be2 Rb2 47. Kf3 g5 48. Rb7+ Kf6 49. h3 Rb3+ 50. Kg2 Rb2 51. Rb8 Ke5 52. h4 gxh4 53. gxh4 Kf4 54. Re8 1-0


[Site "https://www.chess.com"]

[Event "Titled Tuesday Blitz December 06 Early 2022"]
[White "Korchmar, Vasiliy"]
[Black "Tay, Junior"]
[WhiteFideId "24131750"]
[BlackFideId "5800439"]
[WhiteElo "2370"]
[BlackElo "2216"]
[Result "1-0"]
[Round "02"]
[TimeControl "180+1"]
[Date "2022.12.07"]
[WhiteClock "0:00:56"]
[BlackClock "0:00:21"]

1. e4 c5 2. Nf3 d6 3. d4 cxd4 4. Nxd4 Nf6 5. Nc3 g6 6. Be3 Nc6 7. f3 h5 8. Qd2 Nxd4 9. Bxd4 Bh6 10. Be3 Bxe3 11. Qxe3 Be6 12. O-O-O Qa5 13. Bb5+ Kf8 14. Ba4 Rc8 15. Bb3 Bxb3 16. axb3 Qa1+ 17. Nb1 Kg7 18. e5 dxe5 19. Qxe5 h4 20. g4 hxg3 21. hxg3 Qa6 22. Rxh8 Rxh8 23. g4 Qe6 24. Qd4 g5 25. Nc3 Rh2 26. Ne4 Kg6 27. Ng3 Qc6 28. Qd3+ Kg7 29. Nf5+ Kf8 30. Qd8+ Qe8 31. Qc7 Qc6 32. Qb8+ Ne8 33. Qxh2 1-0


[Site "https://www.chess.com"]

[Event "Titled Tuesday Blitz December 06 Early 2022"]
[White "Korobov, Anton"]
[Black "Pein, Jonathan"]
[WhiteFideId "14105730"]
[BlackFideId "417092"]
[WhiteElo "2635"]
[BlackElo "2225"]
[Result "1-0"]
[Round "02"]
[TimeControl "180+1"]
[Date "2022.12.07"]
[WhiteClock "0:02:24"]
[BlackClock "0:01:30"]

1. d4 g6 2. c4 Bg7 3. Nf3 Nf6 4. Nc3 O-O 5. e4 d6 6. Be2 Bg4 7. Be3 Nfd7 8. Rc1 c5 9. d5 Na6 10. h3 Bxf3 11. Bxf3 Rb8 12. h4 Nc7 13. a4 a6 14. Be2 b5 15. axb5 axb5 16. cxb5 Ne5 17. f4 Nd7 18. h5 Ne8 19. hxg6 fxg6 20. Bg4 Ndf6 21. Be6+ Kh8 22. e5 dxe5 23. fxe5 Nd7 24. Qg4 Nxe5 25. Rxh7+ Kxh7 26. Qh4+ Bh6 27. Qxh6# 1-0


[Site "https://www.chess.com"]

[Event "Titled Tuesday Blitz December 06 Early 2022"]
[White "Kuznetsov, Mikhail"]
[Black "Dzhaparov, Medet"]
[WhiteFideId "4117190"]
[BlackFideId "13803689"]
[WhiteElo "1981"]
[BlackElo "1702"]
[Result "1-0"]
[Round "02"]
[TimeControl "180+1"]
[Date "2022.12.07"]
[WhiteClock "0:01:04"]
[BlackClock "0:00:11"]

1. Nf3 Nf6 2. g3 g6 3. b3 d5 4. Bb2 Bg7 5. Bg2 O-O 6. O-O c5 7. c4 d4 8. b4 Qc7 9. bxc5 Qxc5 10. d3 Nc6 11. Nbd2 e5 12. Ng5 Bf5 13. Nge4 Bxe4 14. Nxe4 Nxe4 15. Bxe4 Ne7 16. Qb3 Rab8 17. Rab1 b6 18. Rfc1 f5 19. Ba3 Qc7 20. Bg2 Kh8 21. Qb5 Rfe8 22. c5 bxc5 23. Qxc5 Qxc5 24. Bxc5 a5 25. Rxb8 Rxb8 26. Bxe7 Bh6 27. Bf6+ Bg7 28. Bd5 Bxf6 29. h4 Kg7 30. Rc6 Rb1+ 31. Kg2 Rb2 32. Kf3 Be7 33. Rc7 Kf6 34. Rc6+ Kg7 35. Re6 Bf6 36. Ra6 Rb5 37. Bc4 Rc5 38. Ra7+ Kh6 39. Bg8 Bg7 40. a4 Rc3 41. Bc4 Ra3 42. Rxa5 g5 43. Ra6+ Kh5 44. Bf7# 1-0


[Site "https://www.chess.com"]

[Event "Titled Tuesday Blitz December 06 Early 2022"]
[White "Lacasa Diaz, Jose Antonio"]
[Black "Kvaloy, Aksel Bu"]
[WhiteFideId "2203375"]
[BlackFideId "1528815"]
[WhiteElo "2338"]
[BlackElo "2184"]
[Result "1-0"]
[Round "02"]
[TimeControl "180+1"]
[Date "2022.12.07"]
[WhiteClock "0:01:01"]
[BlackClock "0:00:34"]

1. e4 e5 2. Nf3 Nf6 3. d4 Nxe4 4. Bd3 Nc6 5. d5 Ne7 6. Bxe4 f5 7. Nxe5 fxe4 8. O-O d6 9. Nc4 g6 10. Qd4 Rg8 11. Qxe4 Bf5 12. Qe2 Qd7 13. Bg5 O-O-O 14. Re1 Re8 15. Nc3 h6 16. Bf6 Bg7 17. Bxe7 Bf8 18. Qe3 Bxe7 19. Qxa7 Kd8 20. Qxb7 Qc8 21. Qa7 Bf6 22. Na5 Rxe1+ 23. Rxe1 Re8 24. Nb7+ Kd7 25. Qa4+ c6 26. Qxc6+ Qxc6 27. dxc6+ Kxc6 28. Rxe8 Kxb7 29. Nd5 Bxb2 30. Ne3 Bd7 31. Re7 Kc6 32. Rh7 h5 33. h3 d5 34. Nxd5 Bf5 35. Ne3 Be4 36. f3 Bd4 37. Kf2 Bxc2 38. Ke2 Bb1 39. a4 Kb6 40. Rd7 Bc5 41. Nc4+ Kc6 42. Ne5+ Kb6 43. Rd1 Bc2 44. Nd7+ Kc6 45. Nxc5 Bxd1+ 46. Kxd1 Kxc5 47. Ke2 Kb4 48. Ke3 Kxa4 49. Kf4 Kb4 50. Kg5 Kc5 51. Kxg6 Kd4 52. Kxh5 Ke3 53. Kg5 Kf2 54. f4 Kg3 55. f5 Kh2 56. f6 Kg3 57. f7 Kh2 58. g4 Kg3 59. Kg6 Kh2 60. g5 Kg3 61. Kf6 Kh2 62. g6 Kg3 63. g7 Kh4 64. g8=Q Kh5 65. f8=Q Kh4 66. Qh6# 1-0


[Site "https://www.chess.com"]

[Event "Titled Tuesday Blitz December 06 Early 2022"]
[White "Lakshmi C"]
[Black "Hirneise, Jens"]
[WhiteFideId "25035347"]
[BlackFideId "24614734"]
[WhiteElo "1942"]
[BlackElo "2345"]
[Result "0-1"]
[Round "02"]
[TimeControl "180+1"]
[Date "2022.12.07"]
[WhiteClock "0:00:19"]
[BlackClock "0:02:15"]

1. e4 c5 2. Nf3 e6 3. d4 cxd4 4. Nxd4 a6 5. c4 Nc6 6. Nc3 Bb4 7. Qd3 Nf6 8. Nc2 Bxc3+ 9. bxc3 Qa5 10. Be2 b5 11. cxb5 axb5 12. O-O Ba6 13. Bf4 b4 14. c4 O-O 15. Bd6 Rfc8 16. Qd4 Nxd4 0-1


[Site "https://www.chess.com"]

[Event "Titled Tuesday Blitz December 06 Early 2022"]
[White "Laylo, Darwin"]
[Black "Silva, Kaua Marques"]
[WhiteFideId "5201330"]
[BlackFideId "22701168"]
[WhiteElo "2335"]
[BlackElo "2083"]
[Result "1-0"]
[Round "02"]
[TimeControl "180+1"]
[Date "2022.12.07"]
[WhiteClock "0:01:00"]
[BlackClock "0:00:08"]

1. d4 Nf6 2. Nf3 e6 3. g3 d5 4. Bg2 Bd6 5. O-O O-O 6. c4 Nc6 7. Nbd2 Ne4 8. a3 a5 9. Qc2 f5 10. e3 a4 11. b4 axb3 12. Nxb3 Qf6 13. Bb2 Bd7 14. Nc5 Bc8 15. cxd5 exd5 16. Qb3 Qf7 17. Nxe4 fxe4 18. Ng5 Na5 19. Nxf7 Nxb3 20. Nxd6 cxd6 21. Ra2 Bg4 22. Bc3 Rfc8 23. Bb4 Ra6 24. Rb2 Nc1 25. f3 Nd3 26. Rb3 exf3 27. Bxf3 Bxf3 28. Rxf3 Rc1+ 29. Kg2 Rc2+ 30. Kh3 Nf2+ 31. Kh4 Ne4 32. h3 g6 33. Be1 b6 34. a4 Kg7 35. a5 bxa5 36. Rb7+ Kh6 37. Rff7 g5+ 38. Kg4 Kg6 39. Rg7+ Kf6 40. Rxh7 Ra8 41. Rh6# 1-0


[Site "https://www.chess.com"]

[Event "Titled Tuesday Blitz December 06 Early 2022"]
[White "Le, Tuan Minh"]
[Black "Koellner, Ruben Gideon"]
[WhiteFideId "12401153"]
[BlackFideId "12993093"]
[WhiteElo "2530"]
[BlackElo "2303"]
[Result "1/2-1/2"]
[Round "02"]
[TimeControl "180+1"]
[Date "2022.12.06"]
[WhiteClock "0:00:08"]
[BlackClock "0:00:03"]

1. d4 d6 2. e4 Nf6 3. Nc3 e5 4. Nf3 Nbd7 5. Bc4 Be7 6. O-O c6 7. a4 h6 8. Re1 Qc7 9. h3 Nf8 10. Be3 g5 11. Nh2 Ng6 12. Bb3 Kf8 13. a5 a6 14. Na4 Be6 15. Nb6 Rd8 16. Bxe6 fxe6 17. Qd3 Kg7 18. Rad1 Rhe8 19. Qb3 d5 20. dxe5 Nxe5 21. exd5 exd5 22. f4 gxf4 23. Bxf4 Bd6 24. Nf1 Ng6 25. Bxd6 Qxd6 26. Ng3 Re5 27. Rf1 Qc5+ 28. Kh1 Ne4 29. Nxe4 Rxe4 30. Qf3 Rf8 31. Qg3 Qe3 32. Qc7+ Re7 33. Qd6 Qe5 34. Qa3 Rxf1+ 35. Rxf1 Rf7 36. Rxf7+ Kxf7 37. Na4 Qe1+ 38. Kh2 Qe5+ 39. Kg1 Qd4+ 40. Kh2 Qf4+ 41. Qg3 Qxa4 42. Qc7+ Kf6 43. Qxb7 Qf4+ 44. Kh1 Qc1+ 45. Kh2 Qf4+ 46. Kh1 Qc4 47. b3 Qxc2 48. Qxa6 Qc1+ 49. Kh2 Qf4+ 50. Kh1 Qc1+ 51. Kh2 Nf4 52. Qc8 Qd2 53. Qf8+ Ke5 54. Qg7+ Ke4 55. a6 Qa2 56. a7 d4 57. Qe7+ Kd3 58. Qh7+ Ke3 59. Qe7+ Kd3 60. Qg7 Kc3 61. Qg3+ Nd3 62. Qb8 Nf4 63. Qxf4 Qxa7 64. Qxh6 Qc5 65. Qc1+ Kb4 66. Qb1 Qc3 67. h4 d3 68. h5 d2 69. Qe4+ Kxb3 70. Qe6+ Kc2 71. Qg6+ Kc1 72. Qg5 Kc2 73. Qg6+ Kc1 74. Qg5 Kb2 75. Qg4 Qe5+ 76. Kh3 Qe3+ 77. g3 Qe1 78. Qd4+ Kc1 79. Qc4+ Kb1 80. Qb3+ Kc1 81. Qc3+ Kb1 82. Qb3+ Kc1 83. Qc3+ Kd1 84. Qf3+ Qe2 85. Qh1+ Kc2 86. Qxc6+ Kb1 87. Qb6+ Kc1 88. Qc5+ Kb1 89. Qb4+ Kc2 90. Qc5+ Kd3 91. Qb5+ Ke3 92. Qe5+ Kf2 93. Qc5+ Ke1 94. Qa5 Qf1+ 95. Kh4 Ke2 96. Qb5+ Ke1 97. Qa5 Qh1+ 98. Kg5 Qe4 99. h6 Qe3+ 100. Kh5 Qe2+ 101. Kg6 Qe6+ 102. Kg7 Ke2 103. Qb5+ Ke1 104. Qb4 Ke2 105. Qb5+ Ke1 106. Qa5 Ke2 107. Qb5+ 1/2-1/2


[Site "https://www.chess.com"]

[Event "Titled Tuesday Blitz December 06 Early 2022"]
[White "Lenderman, Aleksandr"]
[Black "Sharafiev, Azat"]
[WhiteFideId "2021285"]
[BlackFideId "4186214"]
[WhiteElo "2607"]
[BlackElo "2350"]
[Result "1-0"]
[Round "02"]
[TimeControl "180+1"]
[Date "2022.12.06"]
[WhiteClock "0:01:35"]
[BlackClock "0:00:08"]

1. e4 c5 2. Nf3 Nc6 3. Bb5 g6 4. O-O Bg7 5. Re1 Nf6 6. Bxc6 dxc6 7. d3 Bg4 8. Nbd2 Nd7 9. h3 Bxf3 10. Nxf3 e5 11. Bg5 f6 12. Be3 Qe7 13. c3 b6 14. d4 cxd4 15. cxd4 exd4 16. Nxd4 c5 17. Nb5 O-O 18. Nc7 Rac8 19. Qd5+ Qf7 20. Ne6 Rfe8 21. Rad1 Rxe6 22. Qxd7 Qxd7 23. Rxd7 Rxe4 24. Rxa7 f5 25. Rd1 Bxb2 26. Rdd7 f4 27. Bd2 c4 28. Bb4 Bf6 29. Rd6 Be7 30. Rxb6 c3 31. Bxe7 c2 32. Ba3 c1=Q+ 33. Bxc1 Rxc1+ 34. Kh2 Rc8 35. Rbb7 Re2 36. Rg7+ Kf8 37. Rxh7 Kg8 38. Rhg7+ Kh8 39. Rxg6 Rxf2 40. Ra5 Kh7 41. Rg4 f3 42. Rh5# 1-0


[Site "https://www.chess.com"]

[Event "Titled Tuesday Blitz December 06 Early 2022"]
[White "Levine, David"]
[Black "Kashtanov, Ruslan"]
[WhiteFideId "2011611"]
[BlackFideId "4124871"]
[WhiteElo "2188"]
[BlackElo "2276"]
[Result "0-1"]
[Round "02"]
[TimeControl "180+1"]
[Date "2022.12.07"]
[WhiteClock "0:00:08"]
[BlackClock "0:00:25"]

1. d4 Nf6 2. c4 g6 3. g3 Bg7 4. Bg2 O-O 5. Nf3 c5 6. d5 e6 7. Nc3 exd5 8. cxd5 d6 9. O-O Re8 10. Bf4 Bf5 11. Qd2 Ne4 12. Nxe4 Bxe4 13. Rfe1 Nd7 14. Bxd6 Qb6 15. Bf4 Qxb2 16. Rad1 Qxd2 17. Rxd2 Bc3 18. Red1 Bxd2 19. Rxd2 c4 20. Ng5 c3 21. Rd4 Bxg2 22. Kxg2 Rxe2 23. Rc4 c2 24. Bc1 Ne5 25. Rc3 h6 26. Nh3 b5 27. Ng1 b4 28. Rc5 Nd3 29. Nxe2 Nxc5 30. Bxh6 Nd3 31. Kf3 Re8 0-1


[Site "https://www.chess.com"]